 Dungeon Crawl Stone Soup version 0.25-a0-294-gea9b1ad378 (webtiles) character file.

Game seed: 17796202479428901141, levelgen mode: classic

3845 Borgoz the Covered (level 10, 0/63 HPs)
             Began as a Gargoyle Berserker on Dec 19, 2019.
             Was an Elder of Trog.
             Slain by a six-headed hydra (6 damage)
             ... on level 8 of the Dungeon.
             The game lasted 00:09:07 (6667 turns).

Borgoz the Covered (Gargoyle Berserker)             Turns: 6667, Time: 00:09:08

Health: 0/63       AC: 15    Str: 21    XL:     10   Next: 18%
Magic:  0/10       EV: 13    Int:  8    God:    Trog [****..]
Gold:   378        SH:  0    Dex: 12    Spells: 9/9 levels left

rFire    + + +     SeeInvis .   z - +7 great mace "Firestarter" {inner flame, rF++}
rCold    . . .     Gourm    .   (shield currently unavailable)
rNeg     + . .     Faith    .   w - +0 ring mail
rPois    ∞         Spirit   +   (no helmet)
rElec    +         Reflect  .   C - scarf {repulsion}
rCorr    .         Harm     .   y - +0 pair of gloves
MR       .....                  (no boots)
Stlth    +.........             u - amulet of guardian spirit
HPRegen  0.20/turn              E - ring of protection from fire
MPRegen  0.12/turn              (no ring)

@: drained, repel missiles
A: negative energy resistance 1, electricity resistance, unbreathing,
petrification resistance, rot immunity, AC +7
a: Berserk, Trog's Hand, Brothers in Arms, Renounce Religion


You were on level 8 of the Dungeon.
You worshipped Trog.
Trog was greatly pleased with you.
You were not hungry.

You visited 1 branch of the dungeon, and saw 8 of its levels.

You collected 378 gold pieces.

Inventory:

Hand Weapons
 a - a +0 falchion
 z - the +7 great mace "Firestarter" (weapon) {inner flame, rF++}
   (You found it on level 6 of the Dungeon)

   It has been specially enchanted to burn those struck by it, causing extra
   injury to most foes and up to half again as much damage against particularly
   susceptible opponents.
   It greatly protects you from fire.
Missiles
 t - 3 throwing nets (quivered)
Armour
 w - a +0 ring mail (worn)
 y - a +0 pair of gloves (worn)
 C - a scarf of repulsion (worn)
Jewellery
 b - an uncursed amulet of harm
 o - an uncursed ring of ice
 u - an amulet of guardian spirit (around neck)
 A - an uncursed ring of stealth
 B - an uncursed ring of flight
 E - a ring of protection from fire (left hand)
Wands
 v - a wand of acid (4)
 D - a wand of digging (5)
Scrolls
 e - 3 scrolls of teleportation
 h - 4 scrolls of remove curse
 l - 3 scrolls of fear {unknown}
Potions
 d - a potion of haste
 f - 2 potions of flight
 i - a potion of mutation {unknown}
 n - 3 potions of curing
 q - 3 potions of brilliance
 r - a potion of lignification
 x - 2 potions of heal wounds
Comestibles
 c - 10 rations
 g - 4 chunks of flesh


   Skills:
 + Level 7.3(6.5) Fighting
 - Level 5.1(4.4) Long Blades
 * Level 7.0(6.2) Maces & Flails
 + Level 7.9(7.1) Armour
 + Level 6.0(5.2) Dodging


You had 9 spell levels left.
You didn't know any spells.
Your spell library was empty.

Dungeon Overview and Level Annotations

Branches:
Dungeon (8/15)             Temple (0/1) D:4
   Lair: D:8-11

Altars:
Ashenzari
Elyvilon
Fedhas
Kikubaaqudgha
Nemelex Xobeh
Okawaru
Qazlal
Uskayaw
Xom
Zin

Shops:
D:4 *

Annotations:
D:4 3 runed translucent doors, kenwiel's ghost, novice DsMo
D:6 2 transporters


Innate Abilities, Weirdness & Mutations

You are resistant to torment.
Your stone body is resilient. (AC +7)
You are immune to poison.
You resist negative energy. (rN+)
You are resistant to electric shocks. (rElec)
You can survive without breathing.
You are immune to petrification.
You are immune to rotting.


Message History

The six-headed hydra is heavily wounded.
The six-headed hydra is engulfed in blazing flames.
Flame seeps out of the six-headed hydra.
The six-headed hydra bites you! x2
* * * LOW HITPOINT WARNING * * *
The six-headed hydra misses you.
The six-headed hydra bites you but does no damage.
The six-headed hydra bites you.
* * * LOW HITPOINT WARNING * * *
The six-headed hydra closely misses you.
The six-headed hydra is engulfed in blazing flames.
Flame seeps out of the six-headed hydra.
The six-headed hydra bites you but does no damage.
The six-headed hydra misses you.
The six-headed hydra closely misses you.
The six-headed hydra bites you.
* * * LOW HITPOINT WARNING * * *
The six-headed hydra closely misses you.
The six-headed hydra bites you.
You die...

########## #...?....#
************ ** #.######.#
*,,,,,,,,,,, ,* #.# #.#
*,**,,,,,,,, ,* #.#
####@#****,**,,,,,,,, ,* #.#
#..#D#,,,,,,,,,,,,,,, ,* #.#
#..#.#,,,,,*,,,,,,,,,
.########.###..#.######*,,,,,,,,,
......).................,,>,,,,,,
#####.###...#..#########,,,,,,,,,
#.# #...#..# *,******** #.#
#...#..# *,* * #.#
#...#..#######**,********


You could see a six-headed hydra (inner flame).

Vanquished Creatures
  A dancing weapon (D:7)
  The ghost of MisterFreud the Chiller, a novice HuWn (D:7)
  2 hippogriffs
  A wyvern (D:8)
  Sigmund (D:2)
  A black bear (D:7)
  A hornet zombie (D:7)
  2 sky beasts
  An ice beast (D:6)
  2 phantoms
  3 ogres
  2 centaurs (D:6)
  A big kobold (D:6)
  3 bullfrogs (D:6)
  A wyvern zombie (D:6)
  A howler monkey (D:7)
  A centaur zombie (D:6)
  A bullfrog zombie (D:5)
  A hound (D:6)
  4 orc wizards
  A jelly (D:8)
  A centaur skeleton (D:8)
  An orc priest (D:8)
  Crazy Yiuf (D:5)
  Terence (D:2)
  6 worker ants
  Natasha (thrice) (D:2)
  An iguana (D:8)
  A hound skeleton (D:4)
  2 worker ant zombies
  3 gnolls (D:2)
  9 adders
  A shadow imp (D:6)
  An ooze (D:3)
  2 adder zombies
  2 worms (D:4)
  5 leopard geckos
  16 orcs
  A giant cockroach (D:1)
  4 hobgoblins
  4 jackals (D:2)
  2 quokkas
  3 ball pythons
  4 bats
  3 frilled lizards
  4 goblins
  A jackal zombie (D:7)
  9 kobolds
  A leopard gecko zombie (D:6)
  4 rats
128 creatures vanquished.

Vanquished Creatures (others)
  A human (D:7)
1 creature vanquished.

Grand Total: 129 creatures vanquished

Notes
Turn   | Place    | Note
-------+----------+-------------------------------------------
     0 | D:1      | Borgoz the Gargoyle Berserker began the quest for the Orb.
     0 | D:1      | Reached XP level 1. HP: 14/14 MP: 1/1
   366 | D:1      | Reached XP level 2. HP: 18/19 MP: 2/2
   971 | D:2      | Reached XP level 3. HP: 17/23 MP: 3/3
  1363 | D:2      | Noticed Sigmund
  1375 | D:2      | Killed Sigmund
  1375 | D:2      | Reached XP level 4. HP: 28/28 MP: 4/4
  1375 | D:2      | Reached XP level 5. HP: 32/32 MP: 5/5
  1422 | D:2      | Noticed Terence
  1435 | D:2      | Killed Terence
  1561 | D:2      | Noticed Natasha
  1567 | D:2      | Reached ** piety under Trog
  1567 | D:2      | Reached XP level 6. HP: 37/37 MP: 6/6
  1572 | D:2      | Killed Natasha
  2045 | D:2      | Noticed Natasha
  2054 | D:2      | Killed Natasha
  2163 | D:2      | Noticed Natasha
  2172 | D:2      | Killed Natasha
  2364 | D:3      | You fall into a shaft and drop 1 floor!
  2395 | D:4      | Reached XP level 7. HP: 25/41 MP: 2/7
  2699 | D:4      | Found Etayx's Assorted Antiques.
  2778 | D:4      | Found a runed translucent gate.
  2778 | D:4      | Found a runed translucent gate.
  2779 | D:4      | Found a runed translucent gate.
  2781 | D:4      | Noticed kenwiel's ghost (novice DsMo)
  2822 | D:4      | Found a staircase to the Ecumenical Temple.
  2894 | D:4      | Found a sparkling altar of Nemelex Xobeh.
  3090 | D:5      | Entered Level 5 of the Dungeon
  3181 | D:5      | Found a blossoming altar of Fedhas.
  3185 | D:5      | Found a stormy altar of Qazlal.
  3574 | D:5      | Reached skill level 5 in Armour
  3866 | D:5      | Found a runed translucent door.
  3867 | D:5      | Noticed Crazy Yiuf
  4019 | D:5      | Found a glowing silver altar of Zin.
  4272 | D:5      | Killed Crazy Yiuf
  4306 | D:6      | Found a transporter.
  4322 | D:6      | Noticed a kobold demonologist
  4361 | D:6      | Reached *** piety under Trog
  4363 | D:6      | Reached skill level 5 in Long Blades
  4395 | D:6      | Found a transporter.
  4398 | D:6      | Noticed a kobold demonologist
  4410 | D:6      | Found the +7 great mace "Firestarter" {inner flame, rF++}
  4465 | D:6      | Reached XP level 8. HP: 48/48 MP: 8/8
  4500 | D:6      | Reached skill level 1 in Maces & Flails
  4744 | D:6      | Reached skill level 5 in Fighting
  4860 | D:6      | Found a shattered altar of Ashenzari.
  5647 | D:7      | Reached skill level 5 in Dodging
  5647 | D:7      | Reached XP level 9. HP: 38/55 MP: 9/9
  5731 | D:7      | Found a blossoming altar of Fedhas.
  5737 | D:7      | Found an ancient bone altar of Kikubaaqudgha.
  5772 | D:7      | Found a white marble altar of Elyvilon.
  5898 | D:7      | Found a runed translucent door.
  5898 | D:7      | Found a shimmering altar of Xom.
  5898 | D:7      | Noticed MisterFreud's ghost (novice HuWn)
  5901 | D:7      | Noticed a +2 flail of chaos
  5938 | D:7      | Found an iron altar of Okawaru.
  5938 | D:7      | Found a hide-covered altar of Uskayaw.
  5996 | D:7      | Reached skill level 5 in Maces & Flails
  6068 | D:7      | Killed a +2 flail of chaos
  6072 | D:7      | Killed MisterFreud's ghost
  6072 | D:7      | Reached XP level 10. HP: 19/63 MP: 8/10
  6644 | D:8      | Reached **** piety under Trog
  6661 | D:8      | Noticed a six-headed hydra
  6667 | D:8      | Slain by a six-headed hydra

Levels and vault maps discovered:
D:1:      lightli_arrival_noodles, layout_basic
D:2:      layout_basic, uniq_sigmund, uniq_terence, uniq_natasha
D:3:      layout_loops_ring
D:4:      layout_rooms, lemuel_crystal_altar, minmay_temple_entry_glassed_door,
          first_ration, gammafunk_ghost_necromancy, serial_shops, shop,
          hangedman_abyss_or_decor_jellyfish_corner
D:5:      layout_layer_cave, grunt_temple_overflow_forces_of_nature,
          zin_statuary, serial_park_tiny_1, uniq_crazy_yiuf_cottage
D:6:      gammafunk_wand_slinger, layout_loops_ring, marbit_many_paths
D:7:      layout_gridville, amethyst_overflow_temple_binary, elyvilon_altar_4,
          basic_altar, ebering_ghost_xom, grunt_ogre_cave, tgw_kikubaaqudgha
D:8:      layout_basic

Skill      XL: |  1  2  3  4  5  6  7  8  9 10 |
---------------+-------------------------------+-----
Long Blades    | 3 4 5 |  5.1
Dodging        | 2 3 4 5 6 |  6.0
Armour         | 3 4 5 6 7 |  7.9
Fighting       | 4 5 7 |  7.3
Maces & Flails | 4 6 7 |  7.0

Action                   |  1- 3 |  4- 6 |  7- 9 | 10-12 || total
-------------------------+-------+-------+-------+-------++-------
Melee: Falchion          |    81 |   106 |   115 |       ||   302
       Great mace        |       |       |   100 |    28 ||   128
Invok: Berserk           |     1 |     2 |     1 |       ||     4
  Use: Scroll            |       |       |     5 |     6 ||    11
  Eat: Chunk             |     1 |     2 |     6 |     3 ||    12
       Ration            |       |     1 |     2 |       ||     3
Armor: Animal skin       |    27 |    50 |     9 |       ||    86
       Ring mail         |       |       |   101 |    20 ||   121
Dodge: Dodged            |    53 |    90 |   135 |    25 ||   303
       Deflected         |       |       |     5 |       ||     5
       Rpst.: Falchion   |    20 |    25 |    28 |       ||    73

Table legend:
 A = Non-vault XP
 B = Vault XP
 C = Vault XP percentage of total XP
 D = Non-vault monster count
 E = Vault monster count
 F = Vault count percentage of total count
                 A         B        C        D         E       F
            +---------+---------+-------+---------+---------+-------
      Total |    3647 |    1847 |  33.6 |     120 |       8 |   6.2
            +---------+---------+-------+---------+---------+-------
        D:1 |      14 |       0 |   0.0 |      10 |       0 |   0.0
        D:2 |     182 |     279 |  60.5 |      24 |       3 |  11.1
        D:3 |      19 |       0 |   0.0 |       7 |       0 |   0.0
        D:4 |     226 |       0 |   0.0 |      17 |       0 |   0.0
        D:5 |     213 |      40 |  15.8 |       7 |       1 |  12.5
        D:6 |    1245 |      93 |   7.0 |      30 |       1 |   3.2
        D:7 |     921 |    1435 |  60.9 |      12 |       3 |  20.0
        D:8 |     827 |       0 |   0.0 |      13 |       0 |   0.0
            +---------+---------+-------+---------+---------+-------
